 Dungeon Crawl Stone Soup version 0.20-a0-1089-g3fde505 (webtiles) character file.

113 lauthentik the Sneak (level 4, 0/30 HPs)
             Began as a Vampire Enchanter on May 3, 2017.
             Was an Initiate of Ashenzari.
             Slain by a goblin
             ... wielding a +0 dagger
             ... led by Robin
              (3 damage)
             ... on level 3 of the Dungeon.
             The game lasted 00:07:40 (2317 turns).

lauthentik the Sneak (Vampire Enchanter)            Turns: 2317, Time: 00:07:41

Health: 0/30       AC:  4    Str:  7    XL:     4   Next: 65%
Magic:  0/7        EV: 13    Int: 18    God:    Ashenzari [......]
Gold:   60         SH:  0    Dex: 14    Spells: 1/7 levels left

rFire    . . .     SeeInvis +   a - +1 dagger
rCold    + . .     Gourm    .   (no shield)
rNeg     + + .     Faith    .   b - +0 robe
rPois    +         Spirit   .   (no helmet)
rElec    .         Reflect  .   f - +1 cloak
rCorr    .         Harm     .   (no gloves)
MR       .....                  (no boots)
Stlth    ++++......             (no amulet)
Regen    0.1/turn               (no ring)
MPRegen  0.1/turn               (no ring)

@: regenerating slowly
A: fangs 3, see invisible, unbreathing
a: Bat Form, Curse Item, Renounce Religion


You were on level 3 of the Dungeon.
You worshipped Ashenzari.
Ashenzari was noncommittal.
You were very thirsty.

You visited 1 branch of the dungeon, and saw 3 of its levels.

You collected 60 gold pieces.

Inventory:

Hand Weapons
 a - a +1 dagger (weapon)
Armour
 b - a +0 robe (worn)
 f - a +1 cloak (worn)
Scrolls
 e - a scroll of enchant armour {unknown}
 h - a scroll of remove curse
 k - 3 scrolls of identify {unknown}
 l - a scroll of recharging {unknown}
 n - 2 scrolls of teleportation {unknown}
Potions
 d - 13 potions of blood
 g - a potion of brilliance {unknown}
 i - 2 potions of haste {unknown}
 j - a potion of agility {unknown}
 m - a potion of heal wounds {unknown}
 o - 3 potions of curing {unknown}
Books
 c - a book of Maledictions

   Spells                             Type                      Level
   a - Corona                         Hexes                        1
   b - Ensorcelled Hibernation        Hexes/Ice                    2
   c - Confuse                        Hexes                        3
   d - Tukima's Dance                 Hexes                        3
   e - Dazzling Spray                 Conjuration/Hexes            3


   Skills:
 + Level 0.1 Fighting
 + Level 1.7 Short Blades
 + Level 2.5 Dodging
 + Level 6.3 Stealth
 + Level 2.3 Spellcasting
 + Level 5.5 Hexes
 + Level 0.8 Ice Magic


You had one spell level left.
You knew the following spells:

 Your Spells              Type           Power        Failure   Level  Hunger
a - Ensorcelled Hibernat  Hex/Ice        ##....       7%          2    ##.....
b - Corona                Hex            ###....      1%          1    #......
c - Confuse               Hex            ###.....     5%          3    ###....


Dungeon Overview and Level Annotations

Branches:
Dungeon (3/15)

Altars:
Ashenzari
Xom

Annotations:
D:3 Robin


Innate Abilities, Weirdness & Mutations

You heal slowly.
You have razor-sharp teeth.
You have supernaturally acute eyesight. (SInv)
You can survive without breathing.


Message History

The goblin goes into a battle-frenzy!
Casting: Ensorcelled Hibernation
Confirm with . or Enter, or press ? or * to list all spells.
Aiming: Ensorcelled Hibernation
Press: ? - help, Shift-Dir - straight line, f - goblin
Aim: a goblin, wielding a dagger (unusually strong, chance to defeat MR: 62%)
The goblin resists with significant effort.
Casting: Ensorcelled Hibernation
Confirm with . or Enter, or press ? or * to list all spells.
Aiming: Ensorcelled Hibernation
Press: ? - help, Shift-Dir - straight line, f/p - goblin
Aim: a goblin, wielding a dagger (unusually strong, chance to defeat MR: 62%)
The goblin resists with significant effort.
The goblin hits you but does no damage.
You closely miss the goblin. Your bite misses the goblin.
The goblin completely misses you.
You hit the goblin.
The goblin is moderately wounded.
The goblin hits you with a dagger.
You die...

.. .# #.# ..# ..#
..#####.
######........
#..@gg#.......
######.# ###.##.#
#....#.# ###)##.#
###.##g# #.#.##.#
#......#####
######.#..........


You could see Robin and a goblin.

Vanquished Creatures
  Terence (D:3)
  3 adders (D:2)
  A worm (D:2)
  2 dart slugs
  A leopard gecko (D:2)
  An orc (D:3)
  4 bats
  10 goblins
  8 hobgoblins
  8 jackals
  2 kobolds (D:2)
  A quokka (D:3)
  4 frilled lizards
  6 rats
52 creatures vanquished.

Vanquished Creatures (others)
  2 goblins (D:3)
2 creatures vanquished.

Grand Total: 54 creatures vanquished

Notes
Turn   | Place    | Note
-------+----------+-------------------------------------------
     0 | D:1      | lauthentik the Vampire Enchanter began the quest for the Orb.
     0 | D:1      | Reached XP level 1. HP: 13/13 MP: 3/3
   457 | D:1      | Found a shimmering altar of Xom.
   675 | D:1      | Reached XP level 2. HP: 18/19 MP: 3/5
   680 | D:1      | Learned a level 2 spell: Ensorcelled Hibernation
   726 | D:1      | Reached skill level 5 in Stealth
   960 | D:2      | Found a shattered altar of Ashenzari.
   978 | D:2      | Became a worshipper of Ashenzari the Shackled
  1083 | D:2      | Reached XP level 3. HP: 23/24 MP: 1/6
  1120 | D:2      | Reached skill level 5 in Hexes
  1982 | D:3      | Reached XP level 4. HP: 30/30 MP: 7/7
  1992 | D:3      | Learned a level 3 spell: Confuse
  2006 | D:3      | Reached skill level 6 in Stealth
  2026 | D:3      | Noticed Terence
  2097 | D:3      | Noticed Robin
  2137 | D:3      | Killed Terence
  2317 | D:3      | Slain by a goblin

Vault maps used:
D:1:      elethiomel_arrival_maze, xom_teletrap_fun
D:2:      serial_bayou, serial_bayou_shore_a, serial_bayou_lagoon_a,
          serial_bayou_pond_e, serial_bayou_lake_a, ashenzari_altar_1
D:3:      minitemple, uniq_terence, uniq_crazy_yiuf_cottage, uniq_robin

Skill      XL: |  1  2  3  4 |
---------------+-------------+-----
Stealth        | 5 6 |  6.3
Hexes          | 5 |  5.5
Fighting       | |  0.1
Short Blades   | |  1.7
Dodging        | |  2.5
Spellcasting   | |  2.3
Ice Magic      | |  0.8

Action                   |  1- 3 |  4- 6 || total
-------------------------+-------+-------++-------
Melee: Dagger            |   128 |    52 ||   180
       Bite              |     6 |     2 ||     8
 Cast: Corona            |     4 |       ||     4
       Ensorcelled Hiber |    17 |    16 ||    33
  Use: Potion            |     1 |       ||     1
 Stab: Sleeping          |    21 |     9 ||    30
  Eat: Corpse            |     1 |       ||     1
Armor: Robe              |    19 |    12 ||    31
Dodge: Dodged            |    46 |    36 ||    82
